 Dungeon Crawl Stone Soup version 0.19.0-22-gd96e5fe (webtiles) character file.

935 smedtjen the Firebug (level 7, -2/52 HPs)
             Began as a Demigod Fire Elementalist on Nov 18, 2016.
             Slain by a troll (6 damage)
             ... on level 5 of the Dungeon.
             The game lasted 00:38:40 (9671 turns).

smedtjen the Firebug (Demigod Fire Elementalist)    Turns: 9671, Time: 00:38:41

Health: -2/52      AC:  2    Str: 16    XL:     7   Next: 56%
Magic:  24/26      EV: 13    Int: 23    God:
Gold:   154        SH:  0    Dex: 16    Spells: 2 memorised, 12 levels left

rFire  . . .     SeeInvis .     f - +0 broad axe (chop)
rCold  . . .     Gourm    .     a - +0 robe
rNeg   . . .     Faith    .     (no shield)
rPois  .         Spirit   .     (no helmet)
rElec  .         Reflect  .     (no cloak)
rCorr  .         Harm     .     (no gloves)
MR     .....                    (no boots)
Stlth  ++........               (no amulet)
                                c - +5 ring of strength
                                v - ring of magical power

@: no status effects
A: high mp 1
a: no special abilities


You were on level 5 of the Dungeon.
You were full.

You visited 1 branch of the dungeon, and saw 5 of its levels.

You collected 258 gold pieces.
You spent 104 gold pieces at shops.

Inventory:

Hand Weapons
 f - a +0 broad axe of chopping (weapon)
 y - a +0 war axe
 z - a +0 whip of electrocution
 B - a +0 blowgun
 G - a +2 flail of draining
Missiles
 d - 26 arrows
 e - 97 bolts
 i - 22 poisoned needles
 k - 185 stones
 A - 8 curare-tipped needles (quivered)
Armour
 a - a +0 robe (worn)
Jewellery
 c - a +5 ring of strength (right hand)
 v - a ring of magical power (left hand)
 w - an uncursed ring of wizardry
Scrolls
 g - a scroll of recharging {unknown}
 h - a scroll of identify
 l - a scroll of remove curse {unknown}
 m - a scroll of noise
 C - a scroll of random uselessness
 E - a scroll of teleportation
 F - a scroll of amnesia {unknown}
Potions
 j - a potion of degeneration {unknown}
 n - a potion of curing {unknown}
 o - a potion of brilliance {unknown}
 q - a potion of cancellation {unknown}
 s - 2 potions of might {unknown}
 x - a potion of ambrosia {unknown}
 D - a potion of lignification {unknown}
Books
 b - a book of Flames

   Spells                             Type                      Level
   a - Flame Tongue                   Conjuration/Fire             1
   b - Throw Flame                    Conjuration/Fire             2
   c - Conjure Flame                  Conjuration/Fire             3
   d - Inner Flame                    Hexes/Fire                   3
   e - Sticky Flame                   Conjuration/Fire             4
   f - Fireball                       Conjuration/Fire             5
Comestibles
 r - 3 bread rations


   Skills:
 + Level 1.0 Fighting
 + Level 0.1 Maces & Flails
 + Level 2.2 Dodging
 + Level 2.7 Stealth
 + Level 4.5 Spellcasting
 + Level 4.3 Conjurations
 + Level 5.0 Fire Magic


You had 12 spell levels left.
You knew the following spells:

 Your Spells              Type           Power        Failure   Level  Hunger
a - Flame Tongue          Conj/Fire      ####.        1%          1    None
b - Throw Flame           Conj/Fire      ####..       2%          2    None


Dungeon Overview and Level Annotations

Branches:
Dungeon (5/15)
 Temple: D:4-7

Shops:
D:4 :((


Innate Abilities, Weirdness & Mutations

You have an increased reservoir of magic. (+10% MP)


Message History

The troll barely misses you.
Casting: Flame Tongue
Confirm with . or Enter, or press ? or * to list all spells.
Aiming: Flame Tongue
Press: ? - help, Shift-Dir - straight line, f - troll
Aim: a troll The flame tongue hits the troll.
The troll is moderately wounded.
The troll bites you! The troll closely misses you. The troll claws you!
Casting: Flame Tongue
Confirm with . or Enter, or press ? or * to list all spells.
Aiming: Flame Tongue
Press: ? - help, Shift-Dir - straight line, f/p - troll
Aim: a troll (moderately wounded)
The flame tongue hits the troll.
The troll appears unharmed.
The troll is moderately wounded.
The troll bites you!!
* * * LOW HITPOINT WARNING * * *
The troll claws you.
You die...

###############
#.####........#....####
#....T@.......'....'...
######........#....####
#........#....#..#
########......#...
#......##.# #.....###.#
#.....# #.# #.....# #.#
#.....# #.#


You could see a troll.

Vanquished Creatures
  Edmund (D:5)
  The ghost of Nicoed the Slasher, an amateur TeWr (D:3)
  An ogre (D:5)
  A scorpion (D:4)
  A bullfrog zombie (D:5)
  2 hounds (D:5)
  A bullfrog skeleton (D:5)
  A centaur skeleton (D:5)
  An iguana (D:4)
  6 worker ants
  A hound zombie (D:5)
  7 adders
  4 gnolls
  A river rat (D:4)
  A shadow imp (D:5)
  2 oozes (D:2)
  An adder zombie (D:5)
  4 worms
  6 dart slugs
  3 leopard geckos
  2 orcs
  11 bats
  5 giant cockroaches
  8 goblins
  11 hobgoblins
  3 jackals (D:3)
  6 kobolds
  3 quokkas
  3 ball pythons
  9 frilled lizards
  8 rats
  6 plants (D:3)
121 creatures vanquished.

Notes
Turn   | Place    | Note
-------+----------+-------------------------------------------
     0 | D:1      | smedtjen the Demigod Fire Elementalist began the quest for the Orb.
     0 | D:1      | Reached XP level 1. HP: 14/14 MP: 5/5
   522 | D:1      | Reached skill level 3 in Fire Magic
  1655 | D:1      | Found a snail-covered altar of Cheibriados.
  1724 | D:1      | Reached skill level 1 in Conjurations
  1724 | D:1      | Reached XP level 2. HP: 20/20 MP: 4/7
  1728 | D:1      | Learned a level 2 spell: Throw Flame
  2657 | D:2      | Reached XP level 3. HP: 26/26 MP: 3/8
  4182 | D:2      | Reached XP level 4. HP: 34/34 MP: 7/10
  4650 | D:3      | Noticed Nicoed's ghost (amateur TeWr)
  4722 | D:3      | Killed Nicoed's ghost
  4722 | D:3      | Reached XP level 5. HP: 30/39 MP: 0/12
  5936 | D:3      | Reached skill level 4 in Fire Magic
  7104 | D:4      | Found a glowing drain.
  7143 | D:4      | Reached XP level 6. HP: 46/46 MP: 13/13
  7209 | D:4      | Found Pustinum's Weapon Shoppe.
  7220 | D:4      | Bought a +0 broad axe of chopping for 104 gold pieces
  7859 | D:4      | Found Vaisid's Antique Weapon Boutique.
  8000 | D:4      | Found a shimmering altar of Xom.
  8002 | D:4      | Found a sparkling altar of Nemelex Xobeh.
  8002 | D:4      | Found a white marble altar of Elyvilon.
  8004 | D:4      | Found a basalt altar of Yredelemnul.
  8004 | D:4      | Found a radiant altar of Vehumet.
  8004 | D:4      | Found a stormy altar of Qazlal.
  8253 | D:4      | Found Nuyrus's Book Shoppe.
  8295 | D:5      | Entered Level 5 of the Dungeon
  8762 | D:5      | Reached XP level 7. HP: 38/51 MP: 16/16
  8999 | D:5      | Reached skill level 1 in Fighting
  9418 | D:5      | Noticed Edmund
  9424 | D:5      | Killed Edmund
  9424 | D:5      | Reached skill level 5 in Fire Magic
  9667 | D:5      | Noticed a troll
  9671 | D:5      | Slain by a troll

Skill      XL: |  1  2  3  4  5  6  7 |
---------------+----------------------+-----
Fire Magic     | 3 4 5 |  5.0
Conjurations   | 1 2 3 4 |  4.3
Spellcasting   | 2 3 4 |  4.5
Stealth        | 2 |  2.7
Dodging        | 2 |  2.2
Fighting       | 1 |  1.0
Maces & Flails | |  0.1

Action                   |  1- 3 |  4- 6 |  7- 9 || total
-------------------------+-------+-------+-------++-------
Melee: Unarmed           |    15 |       |       ||    15
       Club              |     3 |       |       ||     3
       Short sword       |     1 |     4 |       ||     5
       Whip              |       |    63 |       ||    63
       War axe           |       |     1 |       ||     1
 Cast: Flame Tongue      |    50 |    83 |    30 ||   163
       Throw Flame       |    31 |    68 |    12 ||   111
  Use: Scroll            |       |     7 |     2 ||     9
  Eat: Bread ration      |     1 |       |       ||     1
       Meat ration       |     1 |     2 |     1 ||     4
       Chunk             |     1 |     5 |       ||     6
       Pizza             |     1 |       |       ||     1
       Beef jerky        |       |     1 |       ||     1
       Royal jelly       |       |       |     1 ||     1
Armor: Robe              |    11 |     9 |       ||    20
Dodge: Dodged            |    41 |    41 |    14 ||    96
